Map: Tokamak LE

Players

HOZ

  • Race: Protoss Protoss
  • Spawn Location: 1:00

ManlyManMeat - Winner!

  • Race: Zerg Zerg
  • League: Master
  • Spawn Location: 7:00

VOD

Have the link to the VOD?

Description

Time

  • Played on: June 19, 2025, 9:33 a.m.
  • Length: 9:23
Show
View Real Time Build Order
Export as new Build Order

HOZ Protoss 

Build Orders:  

Get SALT Encoding   

  12  0:00  Probe  
  13  0:13  Probe  
  14  0:20  Pylon  
  14  0:23  Probe  
  15  0:34  Probe  
  15  0:39  Gateway  
  16  0:47  Probe  
  17  0:51  Assimilator  
  17  0:57  Probe  
  18  1:05  Gateway, Probe  
  19  1:31  Zealot  
  21  1:35  Cybernetics Core  
  21  1:42  Pylon  
  21  1:50  Probe  
  22  2:00  Zealot  
  24  2:02  Probe  
  24  2:03  Assimilator  
  25  2:11  Probe  
  26  2:19  Probe  
  26  2:25  Nexus  
  26  2:28  Probe  
  27  2:31  Adept  
  30  2:46  Pylon  
  30  2:49  Adept  
  30  2:53  Warp Gate  
  30  2:54  Probe  
  31  3:08  Probe  
  32  3:19  Stargate  
  32  3:21  Probe  
  33  3:33  Probe  
  32  3:43  Adept  
  32  3:44  Pylon  
  32  3:45  Probe  
  32  3:47  Adept  
  32  3:48  Pylon  
  37  3:53  Probe  
  36  3:59  Twilight Council  
  36  4:00  Probe  
  36  4:01  Pylon  
  37  4:07  Assimilator  
  37  4:09  Pylon  
  37  4:21  Probe  
  42  4:27  Void Ray  
  42  4:32  Probe  
  42  4:35  Probe  
  44  4:43  Probe, Stalker  
  46  4:47  Probe  
  46  4:50  Assimilator  
  46  4:51  Probe  
  48  4:59  Probe  
  50  5:01  Probe  
  51  5:10  Fleet Beacon  
  51  5:11  Probe  
  51  5:13  Probe  
  53  5:22  Probe, Charge  
  53  5:23  Probe  
  55  5:30  Probe  
  56  5:35  Probe  
  56  5:37  Stargate  
  56  5:40  Probe  
  57  5:47  Probe  
  59  5:53  Zealot  
  61  5:59  Tempest  
  61  6:09  Nexus  
  61  6:10  Probe x2  
  67  6:12  Pylon  
  67  6:20  Tempest  
  67  6:21  Zealot x2  
  67  6:22  Probe x2  
  77  6:34  Probe x2  
  79  6:41  Pylon  
  79  6:42  Tempest  
  79  6:46  Probe  
  84  6:57  Pylon, Probe  
  84  6:58  Pylon, Probe  
  86  7:06  Protoss Air Weapons Level 1  
  86  7:09  Zealot x2  
  90  7:17  Probe, Shield Battery  
  90  7:18  Probe  
  92  7:28  Tempest  
  92  7:29  Probe  
  97  7:30  Probe  
  97  7:33  Sentry x2  
  100  7:39  Unknown  
  100  7:41  Probe  
  100  7:42  Probe  
  76  7:55  Shield Battery  
  76  7:57  Shield Battery  
  73  8:04  Shield Battery  
  73  8:08  Sentry x2  
  62  8:39  Probe x2  
  53  8:51  Probe  
  48  9:08  Pylon  
  48  9:09  Pylon  
  41  9:10  Pylon x2  
  41  9:11  Pylon  
Show
View Real Time Build Order
Export as new Build Order

ManlyManMeat Zerg - Winner!

Build Orders: Pool First 

Get SALT Encoding   

  12  0:00  Drone  
  13  0:12  Overlord  
  13  0:18  Drone  
  14  0:31  Drone x2  
  14  0:34  Drone  
  17  0:53  Spawning Pool  
  17  0:54  Drone, Extractor  
  16  1:04  Drone  
  17  1:21  Drone, Hatchery  
  17  1:24  Drone  
  18  1:31  Drone  
  19  1:42  Overlord  
  19  1:46  Queen  
  21  2:01  Zergling x2  
  21  2:02  Zergling x2  
  21  2:07  Metabolic Boost  
  23  2:12  Drone  
  24  2:33  Queen  
  24  2:36  Drone  
  27  2:39  Drone  
  28  2:45  Hatchery  
  26  2:53  Drone x3  
  29  3:03  Zergling x6  
  32  3:15  Drone x3  
  32  3:17  Overlord  
  32  3:18  Overlord  
  35  3:42  Drone x4  
  39  3:57  Drone x6  
  39  4:00  Queen  
  47  4:14  Drone x5  
  47  4:15  Drone x2  
  54  4:18  Drone  
  54  4:19  Queen  
  54  4:21  Overlord  
  54  4:23  Overlord  
  57  4:35  Baneling Nest  
  56  4:39  Extractor  
  55  4:46  Drone x2  
  55  4:47  Drone x3  
  55  4:48  Zergling x12  
  66  5:09  Queen  
  66  5:10  Drone  
  66  5:11  Drone x3  
  66  5:12  Lair  
  71  5:20  Spore Crawler  
  71  5:21  Spore Crawler  
  69  5:22  Spore Crawler  
  69  5:25  Overlord x2  
  69  5:26  Overlord  
  68  5:32  Evolution Chamber  
  68  5:33  Evolution Chamber  
  66  5:46  Zergling x20  
  66  5:47  Zergling x8  
  80  6:05  Overlord x4  
  80  6:07  Zerg Melee Weapons Level 1, Zerg Ground Armor Level 1  
  80  6:10  Centrifugal Hooks  
  80  6:23  Overlord x2  
  80  6:24  Overlord x2  
  80  6:34  Drone x3  
  80  6:35  Overlord x2  
  80  6:36  Overlord x3  
  83  6:40  Drone x3  
  83  6:42  Overseer x2  
  83  6:43  Hatchery  
  85  6:52  Baneling x3  
  85  6:53  Baneling x4  
  86  6:54  Zergling x14  
  91  7:11  Zergling x2  
  91  7:12  Zergling x12  
  95  7:36  Zergling x12  
  90  7:48  Zergling x12  
  93  8:00  Baneling x3  
  93  8:01  Zergling x8  
  96  8:08  Zergling x4  
  92  8:28  Zergling x14  
  92  8:29  Zergling x6, Spire  
  92  8:31  Queen  
  98  8:50  Zergling x12  
Tags
 
League
Master
Matchup
PvZ
Opening
Pool First
Replay Pack
Myownreplay2
Spawn Locations
Cross Positions
Add a new tag
Caveats
  • Supply blocks, unpowered buildings, or Contaminate may cause inaccurate times.
  • Supply counts are checked every 10 seconds.